 Dungeon Crawl Stone Soup version 0.30-a0-373-gd37427bb62 (webtiles) character file.

Game seed: 4811342701495918317

49 greenreed the Covered (level 3, 0/33 HPs)
             Began as a Minotaur Fighter on Nov 23, 2022.
             Slain by Sigmund
             ... wielding a +0 scythe
              (1 damage)
             ... on level 2 of the Dungeon.
             The game lasted 00:02:10 (771 turns).

greenreed the Covered (Minotaur Fighter)             Turns: 771, Time: 00:02:11

Health: 0/33       AC:  7    Str: 22    XL:     3   Next: 51%
Magic:  2/2        EV:  9    Int:  5    God:
Gold:   24         SH:  4    Dex:  9    Spells: 2/2 levels left

rFire   . . .      SeeInvis .    a - +0 trident
rCold   . . .      Faith    .    c - +0 buckler
rNeg    . . .      Spirit   .    b - +0 scale mail
rPois   .          Reflect  .    (helmet restricted)
rElec   .          Harm     .    (no cloak)
rCorr   .          Rampage  .    (no gloves)
Will    .....                    (no boots)
Stlth   ..........               (no amulet)
HPRegen 0.25/turn                (no ring)
MPRegen 0.08/turn                (no ring)

@: no status effects
A: horns 2, retaliatory headbutt
a: no special abilities


You were on level 2 of the Dungeon.
You visited 1 branch of the dungeon, and saw 2 of its levels.

You collected 24 gold pieces.

Inventory:

Hand Weapons
 a - a +0 trident (weapon)
Missiles
 e - 4 poisoned darts (quivered)
Armour
 b - a +0 scale mail (worn)
 c - a +0 buckler (worn)
Scrolls
 f - 3 scrolls of identify {unknown}
 i - a scroll of butterflies {unknown}
 j - a scroll of magic mapping {unknown}
 k - a scroll of noise {unknown}
Potions
 d - a potion of might
 g - a potion of ambrosia {unknown}
 h - 2 potions of curing {unknown}


   Skills:
 + Level 4.0 Fighting
 * Level 3.6 Polearms
 + Level 4.1 Armour
 + Level 0.1 Dodging
 + Level 4.0 Shields


You had 2 spell levels left.
You didn't know any spells.
Your spell library contained the following spells:

 Spells                   Type           Power      Damage    Failure   Level
 Necrotise                Necr           0%         1d4       87%         1
 Vampiric Draining        Necr           0%         2d6       99%         3
 Agony                    Necr           0%         N/A       100%        5


Dungeon Overview and Level Annotations

Branches:
Dungeon (2/15)

Altars:
Sif Muna

Annotations:
D:2 Robin, Sigmund


Innate Abilities, Weirdness & Mutations

You have a pair of horns on your head.
You reflexively headbutt those who attack you in melee.


Message History

The frilled lizard attacks as you move away!
The frilled lizard closely misses you. You furiously retaliate!
You headbutt the frilled lizard!
You kill the frilled lizard!
You reach to attack!
You barely miss Robin. Robin closely misses you.
You reach to attack!
You closely miss Robin. Robin hits you but does no damage. x2
You reach to attack!
You closely miss Robin.
Robin says, "A pitiful Minotaur like you will never find the ORB!"
Robin hits you from afar with a +0 spear.
You reach to attack!
You completely miss Robin. You block Robin's attack.
You reach to attack!
You barely miss Robin. Robin hits you but does no damage. Something hits you.
Robin hits you with a +0 spear.
You are too injured to fight recklessly!
You are too injured to fight recklessly!
You hit Robin but do no damage. Robin closely misses you.
You block something's attack.
You hit Robin.
Robin is lightly wounded.
Robin closely misses you. You furiously retaliate!
You headbutt Robin. You hit Robin but do no damage.
Robin is lightly wounded.
Something hits you!
* * * LOW HITPOINT WARNING * * *
Robin barely misses you. You furiously retaliate!
You headbutt Robin! Robin barely misses you.
You barely miss Robin.
Robin is severely wounded.
Something hits you.
* * * LOW HITPOINT WARNING * * *
Robin hits you but does no damage.
You barely miss Robin.
Robin is severely wounded.
Something hits you.
* * * LOW HITPOINT WARNING * * *
Robin hits you but does no damage.
Okay, then.
You completely miss Robin.
Robin is severely wounded.
Robin hits you but does no damage. Something hits you.
You die...

#...#...# #...##...#
.^...##....+
._..##.....#
...##......#
...#.......# ..
#.{.##### ##g## #@#
#.....# #.# #.....###
#.# ###.......## #.#
#.......#..# #.#
#..........# #.#
#..........# #.#
#..)†.._...#
#####'####..†.......#
#...........)......##


You could see Robin.

Vanquished Creatures
  2 ball pythons (D:1)
  3 endoplasms
  8 goblins
  5 hobgoblins
  12 jackals (D:1)
  2 quokkas (D:1)
  A bat (D:1)
  3 frilled lizards
  2 kobolds
  2 rats
40 creatures vanquished.

Vanquished Creatures (others)
  6 plants (D:1)
6 creatures vanquished.

Grand Total: 46 creatures vanquished

Notes
Turn   | Place    | Note
-------+----------+-------------------------------------------
     0 | D:1      | greenreed the Minotaur Fighter began the quest for the Orb.
     0 | D:1      | Reached XP level 1. HP: 19/19 MP: 0/0
    90 | D:1      | Reached XP level 2. HP: 27/27 MP: 1/1
   371 | D:1      | Reached XP level 3. HP: 25/33 MP: 2/2
   685 | D:2      | Found a shimmering blue altar of Sif Muna.
   731 | D:2      | Found a faded altar of an unknown god.
   732 | D:2      | Noticed Sigmund
   734 | D:2      | Noticed Robin
   770 | D:2      | HP: 1/33 [something (2)]
   771 | D:2      | Slain by Sigmund

Illustrated notes

Levels and vault maps discovered:
D:1:      roderic_crop_circles_arrival_small, layout_rooms, st_stairs_6
D:2:      layout_basic, hellmonk_ecumenical_altar_crossroads, basic_altar,
          uniq_sigmund, uniq_robin

Skill      XL: |  1  2  3 |
---------------+----------+-----
Armour         | 4 |  4.1
Polearms       | 3 |  3.6
Fighting       | 4 |  4.0
Shields        | 4 |  4.0
Dodging        | |  0.1

Action                   || total
-------------------------++-------
Melee: Trident           ||   101
       Headbutt          ||     8
Armor: Scale mail        ||    52
Dodge: Dodged            ||    41
Block: Buckler           ||    19

Table legend: (Time is in decaauts)
 A = Elapsed time spent in this place.
 B = Non-inter-level travel time spent in this place.
 C = Inter-level travel time spent in this place.
 D = Time resting spent in this place.
 E = Time spent auto-exploring this place.
 F = Levels seen in this place.
 G = Mean time per level.
                   A        B        C        D        E       F      G
               +--------+--------+--------+--------+--------+-----+--------+
         Total |    789 |    751 |     38 |      0 |    520 |   2 |  394.5 |
       Dungeon |    789 |    751 |     38 |      0 |    520 |   2 |  394.5 |
               +--------+--------+--------+--------+--------+-----+--------+

Top non-repeatable levels by time:
     D:1: 668 daAuts
     D:2: 121 daAuts
